AoeStats
← Ateir

African Clearing

510345388Analyzed
2v2 RM · 2d ago on Sep 30, 2026· 20m 8s· 4 players
Game mode
Random Map
Map size
Medium (4 player)
Population
200
Speed
Normal
Resources
Standard
Victory
Conquest
Starting age
Dark Age
Ending age
Imperial Age
RankedLock teamsTeams togetherTeam positionsShared explorationLock speedFull tech treeHidden civsTurbo modeCheats
Victory
Defeat
🇪🇸 Mongols · Spain
1010
+15
🇪🇸 Persians · Spain
1010
+15
🇳🇴 Ethiopians · Norway
1079
-19
🇳🇴 Khmer · Norway
900
-11
SalatNOR
13:02 Feudal Age
14:29 Loom
16:44 Man-at-Arms
17:11 Arson
Ateir
14:14 Feudal Age
15:34 Wheelbarrow
15:09 Horse Collar
Aaronmuros
10:03 Loom
12:24 Feudal Age
15:21 Double-Bit Axe
17:13 Scale Barding Armor
Piscu
8:47 Loom
12:00 Feudal Age
13:32 Horse Collar
14:27 Town Watch
14:45 Double-Bit Axe
19:32 Fletching
Connection lost

Rejoining the realm…

Still unreachable

The connection could not be restored.

Session expired

The server has moved on; the page needs a fresh start.